 Dungeon Sprint DCSS version 0.30.1-4-g462c640d31 (webtiles) character file.

Game seed: 9328379399083831787

4533 Heoruswealwe the Executioner (level 10, -5/102 (104) HPs)
             Began as a Hill Orc Fighter on Aug 22, 2023.
             Was an Elder of the Shining One.
             Slain by a necrophage (7 damage)
             ... in the Dungeon (Sprint I: "Red Sonja").
             The game lasted 00:09:28 (1034 turns).

Heoruswealwe the Executioner (Hill Orc Fighter)     Turns: 1034, Time: 00:09:28

HP:   -5/102 (104)  AC: -7    Str: 24    XL:     10   Next: 39%
MP:   10/10         EV: 10    Int:  8    God:    the Shining One [****..]
Gold: 600           SH:  4    Dex: 10    Spells: 9/9 levels left

rFire   . . .        a - +0 war axe
rCold   . . .        d - +0 buckler
rNeg    + + .        c - +0 scale mail
rPois   .            g - +1 helmet
rElec   .            (no cloak)
rCorr   .            (no gloves)
SInv    .            (no boots)
Will    .....        (no amulet) Stlth
                     (no ring)
HPRegen 0.37/turn    (no ring)
MPRegen 0.12/turn

%: no teleportation
@: corroded, glowing, lightly drained
A: no striking features
a: Renounce Religion, Divine Shield, Cleansing Flame


You were in the Dungeon.
You worshipped the Shining One.
The Shining One was greatly pleased with you.
You visited 1 branch You collected 810 gold pieces.
You spent 210 gold pieces at shops.

Inventory:

Hand Weapons
 a - a +0 war axe (weapon)
 b - a +0 longbow
Armour
 c - a +0 scale mail (worn)
 d - a +0 buckler (worn)
 g - a +1 helmet (worn)
Wands
 k - a wand of digging (4)
Scrolls
 j - a scroll of blinking
Potions
 i - a potion of mutation


   Skills:
 + Level 14.8 Fighting
 * Level 21.5 Axes
 + Level 13.6 Armour
 - Level 3.2 Shields


You had 9 spell levels left.
You didn't know any spells.
Your spell library was empty.

Dungeon Overview and Level Annotations

Branches:
Dungeon (1/1)

Altars:
Cheibriados
Dithmenos
Elyvilon
Fedhas
Gozag
Hepliaklqana
Kikubaaqudgha
Makhleb
Nemelex Xobeh
Okawaru
Qazlal
Ru
Sif Muna
Trog
Uskayaw
Vehumet
Wu Jian
Xom
Yredelemnul
Zin
The Shining One
Jiyva
Lugonu

Shops:
D ?[


Message History

The jelly is lightly wounded.
You hit the necrophage but do no damage.
The jelly hits you.
You are splashed with acid!
* * * LOW HITPOINT WARNING * * *
You block the necrophage's attack.
You feel better. The necrophage hits you.
* * * LOW HITPOINT WARNING * * *
The jelly hits you.
* * * LOW HITPOINT WARNING * * *
You are splashed with acid!
* * * LOW HITPOINT WARNING * * *
You hit the jelly but do no damage.
Your hands burn!
* * * LOW HITPOINT WARNING * * *
The jelly is lightly wounded.
You hit the necrophage. The necrophage barely misses you.
The jelly barely misses you.
You slash the jelly!
Your hands burn!
* * * LOW HITPOINT WARNING * * *
The jelly is almost dead.
You hit the necrophage but do no damage.
You hit the jelly but do no damage. The acid corrodes you!
Your hands burn!
* * * LOW HITPOINT WARNING * * *
The jelly is almost dead.
You hit the necrophage but do no damage.
The necrophage hits you!
* * * LOW HITPOINT WARNING * * *
You partially resist.
You feel drained. You block the jelly's attack.
You hit the jelly but do no damage.
Your hands burn!
* * * LOW HITPOINT WARNING * * *
The jelly is almost dead.
You hit the necrophage but do no damage.
The necrophage barely misses you. The jelly barely misses you.
You hit the jelly but do no damage.
Your hands burn!
The Shining One protects you from harm!
The jelly is almost dead.
You barely miss the necrophage. You slash the jelly!
You kill the jelly!
You slash the necrophage! The necrophage hits you!
You die...

__##'#_.+~~§§§+..#,,,,,*,,,***,,*
...'..._#~§§§§#..#,,,,,+,,,,,**,*
__##_.#'##+#####'###,,,*,,,,,*,,*
__###+#.#[())###.+.#,,,***++**,**
###**,####†###.###.#,,***,,***,,*
,,,+,,,+..[!.'[∩##†#,,****,,***,,
****,,,###########.#*+*,,*,,*,***
,****,**#......n##§#*,*,,,,,,,,,*
,,*,*+*,#......†@+§#***,,,,,,,,,*
,,*,,,,,#'''######.#,,+,,,,,,****
,,*,,,,,#...,,,,,#.#****,,,***,,,
,,******#..J,,,,*+.#,,,*****,,,**
,,**,,,[n...,,,~*###,,,,,,,,,***,
,,**,,!.....,,~~**,,,,,,,*****,,,
,,***.......~~~***,,,,,,**^,,,,,,
*** *##..~~~~*** *,,,,,**^^,,,,,^
,∩****+******+****,,,,,*,^,^,^,,,


You could see a necrophage.

Vanquished Creatures
  2 centaur warriors (D)
  A deep troll (D)
  An oklob plant (D)
  2 unseen horrors (D)
  2 kobold demonologists (D)
  A hornet (D)
  Sigmund (D)
  A slime creature (D)
  A yak (D)
  2 redbacks (D)
  A floating eye (D)
  An ogre (D)
  A necrophage (D)
  7 jellies (D)
  Ijyb (D)
25 creatures vanquished.

Notes
Turn   | Place    | Note
-------+----------+-------------------------------------------
     0 | D        | Heoruswealwe the Hill Orc Fighter began the quest for the
                  | Orb.
     0 | D        | Reached XP level 1. HP: 19/19 MP: 1/1
     1 | D        | Noticed Ijyb
     7 | D        | Killed Ijyb
     8 | D        | Reached skill level 5 in Fighting
     8 | D        | Reached skill level 5 in Axes
     8 | D        | Reached XP level 2. HP: 18/29 MP: 2/2
     8 | D        | Reached XP level 3. HP: 23/36 MP: 3/3
    58 | D        | Noticed an ogre
    61 | D        | Killed an ogre
    62 | D        | Reached skill level 8 in Axes
    62 | D        | Reached XP level 4. HP: 45/45 MP: 4/4
    92 | D        | Noticed Sigmund
   102 | D        | Killed Sigmund
   103 | D        | Reached skill level 11 in Axes
   103 | D        | Reached XP level 5. HP: 55/56 MP: 5/5
   103 | D        | Reached XP level 6. HP: 61/62 MP: 6/6
   116 | D        | Found an ornate altar of the Wu Jian Council.
   116 | D        | Found a shimmering blue altar of Sif Muna.
   118 | D        | Found a radiant altar of Vehumet.
   125 | D        | Reached skill level 12 in Axes
   155 | D        | Found Parchuch's Magic Scroll Emporium.
   155 | D        | Found an ancient bone altar of Kikubaaqudgha.
   155 | D        | Found a hazy altar of Hepliaklqana.
   155 | D        | Found a stormy altar of Qazlal.
   155 | D        | Found a hide-covered altar of Uskayaw.
   155 | D        | Found a blossoming altar of Fedhas.
   155 | D        | Found a bloodstained altar of Trog.
   155 | D        | Found an iron altar of Okawaru.
   155 | D        | Found a basalt altar of Yredelemnul.
   155 | D        | Found a glowing golden altar of the Shining One.
   155 | D        | Found a snail-covered altar of Cheibriados.
   155 | D        | Found a sacrificial altar of Ru.
   155 | D        | Found a glowing silver altar of Zin.
   155 | D        | Found a shadowy altar of Dithmenos.
   155 | D        | Found a white marble altar of Elyvilon.
   155 | D        | Noticed a yak
   166 | D        | Killed a yak
   167 | D        | Reached skill level 13 in Axes
   167 | D        | Reached XP level 7. HP: 36/70 MP: 7/7
   167 | D        | Found an opulent altar of Gozag.
   168 | D        | Found a sparkling altar of Nemelex Xobeh.
   174 | D        | Became a worshipper of the Shining One
   177 | D        | Bought a scroll of magic mapping for 75 gold pieces
   180 | D        | Bought a scroll of identify for 20 gold pieces
   285 | D        | Found a burning altar of Makhleb.
   285 | D        | Found a viscous altar of Jiyva.
   285 | D        | Found a shimmering altar of Xom.
   285 | D        | Found a corrupted altar of Lugonu.
   285 | D        | Noticed a slime creature
   297 | D        | Killed a slime creature
   298 | D        | Reached skill level 10 in Fighting
   298 | D        | Reached skill level 14 in Axes
   441 | D        | Noticed a kobold demonologist
   441 | D        | Reached * piety under the Shining One
   442 | D        | Noticed a kobold demonologist
   446 | D        | Killed a kobold demonologist
   446 | D        | Reached ** piety under the Shining One
   447 | D        | Reached skill level 15 in Axes
   447 | D        | Reached skill level 10 in Armour
   447 | D        | Reached XP level 8. HP: 82/82 MP: 8/8
   450 | D        | Killed a kobold demonologist
   451 | D        | Reached skill level 16 in Axes
   462 | D        | Noticed a centaur warrior
   467 | D        | Noticed a centaur warrior
   473 | D        | Killed a centaur warrior
   474 | D        | Reached skill level 17 in Axes
   474 | D        | Reached XP level 9. HP: 77/91 MP: 9/9
   485 | D        | Killed a centaur warrior
   486 | D        | Reached skill level 19 in Axes
   493 | D        | Noticed a deep troll
   499 | D        | Killed a deep troll
   544 | D        | Found Hishor's Armour Emporium.
   551 | D        | Bought a +1 helmet for 115 gold pieces
   698 | D        | Noticed a hornet
   698 | D        | Reached *** piety under the Shining One
   707 | D        | Killed a hornet
   708 | D        | Reached skill level 20 in Axes
   720 | D        | Noticed an oklob plant
   729 | D        | Killed an oklob plant
   730 | D        | Reached XP level 10. HP: 67/103 MP: 10/10
   972 | D        | Noticed an unseen horror
   972 | D        | Noticed an unseen horror
   978 | D        | Killed an unseen horror
   979 | D        | Reached skill level 21 in Axes
   982 | D        | Killed an unseen horror
  1007 | D        | Found the +9 scales of the Dragon King {rPois rF+ rC+
                  | Will+}
  1007 | D        | Reached **** piety under the Shining One
  1032 | D        | HP: 2/102 [acid (4)]
  1033 | D        | The Shining One protects you from harm!
  1034 | D        | Slain by a necrophage

Illustrated notes

Levels and vault maps discovered:
D:        dungeon_sprint_1 [red_sonja_temple_1, red_sonja_temple_small_1]

Skill      XL: |  1  2  3  4  5  6  7  8  9 10 |
---------------+-------------------------------+-----
Fighting       | 5 6 8 9 11 12 14 | 14.8
Axes           | 5 8 11 13 15 17 20 21 | 21.5
Armour         | 4 6 7 8 10 11 13 | 13.6
Shields        | |  3.2

Action                     |  1- 3 |  4- 6 |  7- 9 | 10-12 || total
---------------------------+-------+-------+-------+-------++-------
  Melee: War axe           |     7 |    25 |    52 |    41 ||   125
  Evoke: Wand              |     1 |       |       |       ||     1
    Use: Potion            |     1 |       |     2 |     2 ||     5
         Scroll            |       |       |     2 |       ||     2
 Armour: Scale mail        |       |     4 |     9 |     4 ||    17
  Dodge: Dodged            |     1 |     3 |     9 |    23 ||    36
  Block: Buckler           |       |     7 |     8 |     6 ||    21
